 Dungeon Crawl Stone Soup version 0.30-a0-137-gd8773701ce (webtiles) character file.

Game seed: 13588311935667587612

23 spaghetti the Trooper (level 2, -2/24 HPs)
             Began as a Mummy Berserker on Sept 24, 2022.
             Was a Follower of Trog.
             Killed from afar by an orc wizard (9 damage)
             ... with a magic dart
             ... on level 2 of the Dungeon.
             The game lasted 00:01:40 (1211 turns).

spaghetti the Trooper (Mummy Berserker)             Turns: 1211, Time: 00:01:41

Health: -2/24      AC:  5    Str: 20    XL:     2   Next: 75%
Magic:  2/2        EV: 12    Int:  6    God:    Trog [*.....]
Gold:   67         SH:  0    Dex: 11    Spells: 1/1 levels left

rFire   x . .      SeeInvis .      - Unarmed
rCold   + . .      Faith    +    (no shield)
rNeg    + + +      Spirit   .    a - +0 animal skin
rPois   ∞          Reflect  .    (no helmet)
rElec   .          Harm     .    (no cloak)
rCorr   .          Rampage  .    (no gloves)
Will    .....                    d - +2 pair of boots
Stlth   +.........               (no amulet)
HPRegen 0.08/turn                (no ring)
MPRegen 0.08/turn                (no ring)

@: about to teleport
A: cold resistance 1, negative energy resistance 3, torment resistance 2, heat
vulnerability 1, no potions, faith
a: Renounce Religion


You were on level 2 of the Dungeon.
You worshipped Trog.
Trog was aware of your devotion.
You visited 1 branch of the dungeon, and saw 2 of its levels.

You collected 67 gold pieces.


Innate Abilities, Weirdness & Mutations

You are immune to poison.
Your flesh is cold resistant. (rC+)
You are immune to negative energy. (rN+++)
You are immune to unholy pain and torment.
You are vulnerable to heat. (rF-)
You do not drink.
You have a special connection with the divine. (Faith)


   Skills:
 + Level 3.3 Fighting
 + Level 2.0 Armour
 - Level 1.5 Dodging
 + Level 2.7 Unarmed Combat


You had one spell level left.
You didn't know any spells.
Your spell library contained the following spells:

 Spells                   Type           Power      Damage    Failure   Level
 Kindle Blastsparks       Fire/Tloc/Air  0%         2d10      83%         3
 Fulminant Prism          Conj/Hex       0%         3d6       99%         4
 Iskenderun's Mystic Bla  Conj/Tloc      0%         2d3       99%         4
 Lee's Rapid Deconstruct  Erth           0%         3d5*      100%        5

Inventory:

Hand Weapons
 b - a +0 long sword {long}
   (You found it on level 1 of the Dungeon)
 f - a +0 club {mace}
   (You took it off a goblin on level 1 of the Dungeon)
 g - a +0 short sword {short}
   (You took it off a kobold on level 1 of the Dungeon)
 i - a +0 dagger {short}
   (You took it off a goblin on level 2 of the Dungeon)
 k - a +0 club {mace}
   (You took it off an orc on level 2 of the Dungeon)
Missiles
 c - 6 boomerangs (quivered) {throwing}
Armour
 a - a +0 animal skin (worn)
 d - a +2 pair of boots (worn)
   (You found it on level 1 of the Dungeon)
Scrolls
 e - a scroll of enchant armour {unknown}
 j - a scroll of summoning {unknown}

Dungeon Overview and Level Annotations

Branches:
Dungeon (2/15) Zot: 10787

Altars:

#..##..#.##.#####.#
#....#..#...# #.#
#.....####..######.#
#..................#
............#..#######
..>..#.....###..#
######.###.# #..# #.#
#.###..# #.# #..@{o.#
######o# #)...# #o####
#.#


oo# #### You could see 2 orcs.


Message History

Okay, then.
Found a stone staircase leading down.
You now have 59 gold pieces (gained 13).
k - a scroll labelled RACLOK YD DIQU You now have 67 gold pieces (gained 8).
Key pressed, stopping explore. 2 orcs come into view.
An orc is wielding a +0 trident and wearing a +2 ring mail of poison resistance.
The orc shouts!
An orc comes into view. It is wielding a +0 club.
The orc shouts!
You hear a shout!
The orc hits you with a +0 trident! 😮 HP[-7]
You take 7 damage, and now have 17/24 hp.
MASSIVE DAMAGE!! (PAUSE) Unknown command.
Okay, then.
You can't drink.
Unknown command.
As you read the scroll labelled RACLOK YD DIQU, it crumbles to dust.
You assume a fearsome visage.
The orc looks frightened! x3
It was a scroll of fear.
Okay, then.
(D) Dungeon
Where to? (Enter - D:2, ? - help)
An orc is nearby!
Unknown command.
Unknown command.
The orc barely misses you. 😮 HP[+1]
You hit the orc but do no damage.
Your attack snaps the orc out of its fear.
The orc closely misses you.
You barely miss the orc.
The orc hits you with a +0 club. 😮 HP[-1]
You take 1 damage, and now have 17/24 hp.
You hit the orc.
You kill the orc!
Trog accepts your kill.
k - a +0 club {mace}
Things that are here:
a +0 ring mail; an orc corpse An orc wizard comes into view.
It is wielding a +0 dagger. 😕 HP[+2]
You regained 2 hp, and now have 19/24 hp.
An orc wizard is nearby!
An orc wizard is nearby!
An orc wizard is nearby!
You closely miss the orc wizard. You closely miss the orc wizard.
The orc wizard gestures at you while chanting.
The magic dart hits you. 😮 HP[-1]
You take 1 damage, and now have 18/24 hp.
You closely miss the orc wizard. You hit the orc wizard.
Your punch misses the orc wizard.
The orc wizard hits you but does no damage.
The orc hits you with a +0 mace. 😮 HP[-1]
You take 1 damage, and now have 17/24 hp.
You barely miss the orc wizard. The orc wizard casts a spell at you.
You are confused.
The orc misses you.
Unknown command.
Unknown command.
You can't drink.
You are too confused!
Unknown command.
The orc wizard gestures wildly while chanting.
The orc wizard flickers and vanishes!
Deactivating autopickup; reactivate with Ctrl-A.
You bump into the rock wall.
Unknown command.
Unknown command.
You bump into the rock wall.
You bump into the rock wall.
Something hits you but does no damage.
The orc hits you with a +0 mace. 😮 HP[-4]
You take 4 damage, and now have 13/24 hp.
You barely miss something.
You feel less confused. Something hits you but does no damage.
The orc hits you with a +0 mace.
You closely miss something. Something hits you but does no damage.
The orc hits you with a +0 mace.
* * * LOW HITPOINT WARNING * * *
😨 HP[-6]
You take 6 damage, and now have 7/24 hp.
MASSIVE DAMAGE!! (PAUSE) Unknown command.
Unknown command.
Unknown command.
You can't drink.
As you read the scroll labelled JOGASO UTHIROUKH, it crumbles to dust.
You feel strangely unstable.
It was a scroll of teleportation.
You hear some strange, mumbled words.
A magic dart appears from out of thin air!
The magic dart hits you!
You die...

Skill      XL: |  1  2 |
---------------+-------+-----
Armour         | 2 |  2.0
Fighting       | |  3.3
Dodging        | |  1.5
Unarmed Combat | |  2.7

Action                   || total
-------------------------++-------
Melee: Unarmed           ||    70
       Punch             ||     2
  Use: Scroll            ||     2
 Stab: Sleeping          ||     1
Armor: Animal skin       ||    35
Dodge: Dodged            ||    53

Levels and vault maps discovered:
D:1:      lightli_arrival_windingriver, layout_basic,
          corexii_item_surrounded_by_moat, due_unseen_surprise
D:2:      layout_basic, st_stairs_3, minmay_splitting_lines, minmay_hexomino_c4

Notes
Turn   | Place    | Note
-------+----------+-------------------------------------------
     0 | D:1      | spaghetti the Mummy Berserker began the quest for the Orb.
     0 | D:1      | Reached XP level 1. HP: 18/18 MP: 1/1
     0 | D:1      | magus.rc [v1.9.6]
   475 | D:1      | Reached XP level 2. HP: 23/24 MP: 2/2
  1030 | D:1      | Reached skill level 2 in Armour
  1108 | D:2      | You pick up a book of Blasting {forbidden} and begin
                  | reading...
  1108 | D:2      | You add the spells Kindle Blastsparks, Fulminant Prism,
                  | Iskenderun's Mystic Blast and Lee's Rapid Deconstruction to
                  | your library.
  1211 | D:2      | Killed from afar by an orc wizard

Vanquished Creatures
  A dart slug (D:1)
  An orc (D:2)
  A bat (D:1)
  2 endoplasms (D:1)
  2 goblins
  2 hobgoblins (D:2)
  A jackal (D:1)
  2 quokkas (D:1)
  A ball python (D:1)
  A kobold (D:1)
  5 rats
19 creatures vanquished.

Table legend:
 A = Non-vault XP
 B = Vault XP
 C = Vault XP percentage of total XP
 D = Non-vault monster count
 E = Vault monster count
 F = Vault count percentage of total count
                 A         B        C        D         E       F
            +---------+---------+-------+---------+---------+-------
      Total |      22 |      12 |  35.3 |      12 |       7 |  36.8
            +---------+---------+-------+---------+---------+-------
        D:1 |      19 |       4 |  17.4 |      11 |       2 |  15.4
        D:2 |       3 |       8 |  72.7 |       1 |       5 |  83.3
            +---------+---------+-------+---------+---------+-------

Illustrated notes

Table legend:
 A = Kills in this place as a percentage of kills in entire the game.
 B = Kills by you in this place as a percentage of kills by you in the entire game.
 C = Kills by friends in this place as a percentage of kills by friends in the entire game.
 D = Other kills in this place as a percentage of other kills in the entire game.
 E = Experience gained in this place as a percentage of experience gained in the entire game.
 F = Experience gained in this place divided by the number of levels of this place that you have seen.
                   A       B       C       D       E      F
               +-------+-------+-------+-------+-------+----------------------
         Total | 100.0 | 100.0 |   N/A |   N/A | 100.0 |  17.0
       Dungeon | 100.0 | 100.0 |   N/A |   N/A | 100.0 |  17.0
               +-------+-------+-------+-------+-------+----------------------

Table legend: (Time is in decaauts)
 A = Elapsed time spent in this place.
 B = Non-inter-level travel time spent in this place.
 C = Inter-level travel time spent in this place.
 D = Time resting spent in this place.
 E = Time spent auto-exploring this place.
 F = Levels seen in this place.
 G = Mean time per level.
                   A        B        C        D        E       F      G
               +--------+--------+--------+--------+--------+-----+--------+
         Total |   1211 |   1150 |     61 |    307 |    683 |   2 |  605.5 |
       Dungeon |   1211 |   1150 |     61 |    307 |    683 |   2 |  605.5 |
               +--------+--------+--------+--------+--------+-----+--------+

Top non-repeatable levels by time:
     D:1: 1027 daAuts
     D:2: 183 daAuts
